 Dungeon Crawl Stone Soup version 0.29.1 (webtiles) character file.

Game seed: 3355948625824029775

8462 Hubris850 the Carver (level 11, -4/61 HPs)
             Began as a Gargoyle Ice Elementalist on Sept 12, 2022.
             Was a Believer of Elyvilon.
             Slain by a cane toad (15 damage)
             ... on level 2 of the Lair of Beasts.
             The game lasted 00:32:24 (10538 turns).

Hubris850 the Carver (Gargoyle Ice Elementalist)   Turns: 10538, Time: 00:32:25

Health: -4/61      AC: 28    Str: 13    XL:     11   Next: 31%
Magic:  13/19      EV: 11    Int: 19    God:    Elyvilon [**....]
Gold:   701        SH:  0    Dex: 16    Spells: 11/21 levels left

rFire   . . .      SeeInvis .   a - +9 falchion of the Stopping Gods {venom, rC+}
rCold   + . .      Faith    .   (no shield)
rNeg    + . .      Spirit   .   f - +3 acid dragon scales
rPois   ∞          Reflect  .   (no helmet)
rElec   +          Harm     .   h - +0 cloak
rCorr   +          Rampage  .   (no gloves)
Will    .....                   (no boots)
Stlth   ++........              (no amulet)
HPRegen 0.20/turn               B - +4 ring of protection
MPRegen 0.16/turn               K - +6 ring of dexterity

@: ice-armoured
A: sickness immunity, AC +8, negative energy resistance 1, electricity
resistance, torment resistance 1, petrification resistance
a: Renounce Religion, Purification, Heal Other


You were on level 2 of the Lair of Beasts.
You worshipped Elyvilon.
Elyvilon was pleased with you.
You visited 3 branches of the dungeon, and saw 11 of its levels.
You also visited: Sewer.

You collected 701 gold pieces.

Inventory:

Hand Weapons
 a - the +9 falchion of the Stopping Gods (weapon) {venom, rC+}
   (You found it on level 2 of the Dungeon)

   It poisons the flesh of those it strikes.
   rC:        It protects you from cold.
 b - a +3 scimitar of flaming
 u - a +0 arbalest
 x - a +0 sling
 N - the +5 spear of Dishonour {flame, rC+ Str+5}
   (You found it on level 5 of the Dungeon)

   It burns those it strikes, dealing additional fire damage.
   Str:       It affects your strength (+5).
   rC:        It protects you from cold.
Missiles
 i - 47 poisoned darts (quivered)
 m - 3 javelins
 G - 14 boomerangs
Armour
 f - +3 acid dragon scales (worn)
 h - a +0 cloak (worn)
 Q - +0 steam dragon scales
Magical Staves
 E - a staff of conjuration
Jewellery
 k - a ring of protection from fire
 n - a +6 ring of strength
 p - a ring of fire
 y - a ring of flight
 B - a +4 ring of protection (left hand)
 K - a +6 ring of dexterity (right hand)
 O - an amulet of guardian spirit
Wands
 l - a wand of roots (2)
 r - a wand of acid (11)
 L - a wand of digging (4)
Scrolls
 d - a scroll of torment
 g - 3 scrolls of vulnerability
 j - 3 scrolls of poison
 q - a scroll of magic mapping
 s - 5 scrolls of teleportation
 v - 2 scrolls of amnesia
 F - a scroll of enchant weapon
 H - a scroll of blinking
 I - 2 scrolls of fear
 M - a scroll of silence {unknown}
 R - a scroll of fog {unknown}
 S - a scroll of immolation {unknown}
 T - 2 scrolls of enchant armour
 V - 2 scrolls of summoning {unknown}
Potions
 c - a potion of magic
 e - 4 potions of invisibility
 o - 5 potions of heal wounds
 t - a potion of berserk rage
 w - 2 potions of lignification
 z - 8 potions of curing
 A - 4 potions of might
 C - 3 potions of haste
 D - 2 potions of mutation {unknown}
 J - a potion of brilliance {unknown}
 P - 2 potions of attraction {unknown}


   Skills:
 + Level 4.3 Fighting
 + Level 9.1 Long Blades
 - Level 1.1 Maces & Flails
 - Level 4.0 Throwing
 - Level 5.0 Armour
 - Level 1.5 Dodging
 - Level 2.1 Stealth
 - Level 5.9 Spellcasting
 - Level 4.9 Summonings
 - Level 7.3 Ice Magic
 + Level 2.7 Invocations
 - Level 4.0 Evocations


You had 11 spell levels left.
You knew the following spells:

 Your Spells              Type           Power      Damage    Failure   Level
a - Freeze                Ice            100%       1d11      1%          1
b - Frozen Ramparts       Ice            66%        1d10      2%          3
c - Ozocubu's Armour      Ice            33%        N/A       2%          3
d - Call Canine Familiar  Summ           24%        N/A       6%          3

Your spell library contained the following spells:

 Spells                   Type           Power      Damage    Failure   Level
 Summon Small Mammal      Summ           96%        N/A       1%          1
 Summon Guardian Golem    Hex/Summ       15%        N/A       17%         3
 Hailstorm                Conj/Ice       19%        3d6       34%         4
 Leda's Liquefaction      Hex/Erth       2%         N/A       85%         4
 Lee's Rapid Deconstruct  Erth           2%         3d6*      99%         5
 Statue Form              Tmut/Erth      Unusable   N/A       N/A         6

Dungeon Overview and Level Annotations

Branches:
Dungeon (8/15)             Temple (1/1) D:7            Lair (2/5) D:8
  Snake (0/4) Lair:2        Sewer (visited)
  Swamp: Lair:2-3    Shoals: Lair:2-3

Altars:
Ashenzari
Cheibriados
Elyvilon
Fedhas
Hepliaklqana
Kikubaaqudgha
Makhleb
Nemelex Xobeh
Okawaru
Qazlal
Sif Muna
Trog
Uskayaw
Wu Jian
Xom
Yredelemnul
The Shining One

Shops:
D:7 *

Annotations:
Lair:2 2 transporters


Innate Abilities, Weirdness & Mutations

You are immune to sickness and miasma.
Your stone body is resilient. (AC +8)
You are immune to poison.
You resist negative energy. (rN+)
You are resistant to electric shocks. (rElec)
You are resistant to unholy torment.
You are immune to petrification.


Message History

You slash the naga!
The naga is almost dead.
The naga spits poison at you.
The splash of poison hits you but does no damage.
You resist.
The cane toad stings you but does no damage.
The naga hits you from afar with a +0 trident!
You barely miss the naga.
The naga is almost dead.
The naga closely misses you. The naga grabs you. The naga constricts you.
The cane toad stings you!
You hit the naga.
You kill the naga!
The naga closely misses you.
The cane toad stings you but does no damage.
You hit the cane toad.
The cane toad is lightly wounded.
The naga hits you from afar with a +0 trident.
The cane toad closely misses you.
Casting: Frozen Ramparts (dangerous; 2% risk of failure)
Confirm with . or Enter, or press ? or * to list all spells.
The cane toad stings you but does no damage.
The naga hits you from afar with a +0 trident.
Casting: Call Canine Familiar (dangerous; 6% risk of failure)
Confirm with . or Enter, or press ? or * to list all spells.
A film of ice covers your body! The cane toad closely misses you.
The naga hits you from afar with a +0 trident!
* * * LOW HITPOINT WARNING * * *
Casting: Ozocubu's Armour (dangerous; 2% risk of failure)
Confirm with . or Enter, or press ? or * to list all spells.
Okay, then.
You hit the cane toad.
The cane toad is moderately wounded.
The cane toad stings you!
* * * LOW HITPOINT WARNING * * *
The naga hits you but does no damage.
You closely miss the cane toad.
The cane toad is moderately wounded.
The cane toad stings you!
You die...

##.##.#.#.....#.###.#
#...........©©#B....©
#...#####.....#[###.#
###..#####.....#....#8
#.#..........########
#..#P~.....##
##..~~~~~~##
##.~~~~~~~~##
#P~~~h@P~~~.#
#~~~..F..~~~#
#~~~..N~.~~~#
..~~~..>..~~~#
#~~~....~..~~P#
##~~~.~)~.~~~..
#~~~~...~~~.##
##.~~~~~~~.~#


You could see a cane toad (ally target), a naga and a friendly hound (summoned).

Vanquished Creatures
  A two-headed ogre (D:8)
  Amaemon (D:8)
  Maurice (D:8)
  An orange demon (D:8)
  Maggie (D:7)
  A cane toad (Lair:1)
  A komodo dragon (Lair:1)
  A basilisk (Lair:1)
  4 yaks (Lair:1)
  A steam dragon (D:6)
  Menkaure (D:7)
  A naga (Lair:2)
  3 water moccasins
  2 acid dragons (D:8)
  2 orc warriors
  3 sky beasts
  5 ice beasts
  3 black bears
  2 ogres (D:6)
  A phantom (D:5)
  8 bullfrogs
  4 kobold brigands (Sewer)
  4 scorpions
  4 necrophages
  3 wights (D:7)
  2 howler monkeys
  5 orc priests
  6 hounds
  4 jellies
  6 iguanas
  2 hell rats (Lair:1)
  11 orc wizards
  17 adders
  A gnoll (D:6)
  13 river rats
  2 white imps
  An ufetubus (D:6)
  7 worms
  3 dart slugs
  31 orcs
  5 ball pythons
  4 bats
  11 endoplasms
  5 giant cockroaches
  11 goblins
  10 hobgoblins
  8 jackals
  3 quokkas
  4 frilled lizards
  15 kobolds
  10 rats
256 creatures vanquished.

Vanquished Creatures (others)
  7 fungi
  5 plants (D:8)
12 creatures vanquished.

Grand Total: 268 creatures vanquished

Notes
Turn   | Place    | Note
-------+----------+-------------------------------------------
     0 | D:1      | Hubris850 the Gargoyle Ice Elementalist began the quest for
                  | the Orb.
     0 | D:1      | Reached XP level 1. HP: 10/10 MP: 3/3
   308 | D:1      | Reached XP level 2. HP: 3/15 MP: 5/5
   982 | D:1      | Reached skill level 1 in Armour
  1276 | D:1      | Reached skill level 1 in Maces & Flails
  1293 | D:1      | Reached XP level 3. HP: 19/19 MP: 6/6
  1718 | D:1      | Learned a level 3 spell: Frozen Ramparts
  1977 | D:2      | Identified the +9 falchion of the Stopping Gods {venom,
                  | rC+}
  2102 | D:2      | Found a faded altar of an unknown god.
  2114 | D:2      | Reached XP level 4. HP: 24/24 MP: 7/7
  2217 | D:2      | Learned a level 3 spell: Ozocubu's Armour
  2341 | D:2      | Reached skill level 1 in Long Blades
  2651 | D:3      | Reached XP level 5. HP: 28/28 MP: 5/9
  3145 | D:3      | Learned a level 3 spell: Call Canine Familiar
  3631 | D:4      | Reached XP level 6. HP: 32/32 MP: 10/10
  3744 | D:4      | Reached skill level 1 in Summonings
  3988 | D:4      | Reached skill level 2 in Long Blades
  3988 | D:4      | Reached skill level 5 in Ice Magic
  4213 | D:4      | Noticed a water moccasin
  4222 | D:4      | Killed a water moccasin
  4223 | D:4      | Reached XP level 7. HP: 33/36 MP: 5/12
  4469 | D:5      | Entered Level 5 of the Dungeon
  4525 | D:5      | Reached skill level 3 in Long Blades
  4776 | D:5      | Found a glowing drain.
  4783 | Sewer    | Entered a sewer
  4998 | Sewer    | Reached XP level 8. HP: 41/41 MP: 14/14
  5465 | D:5      | Found an ornate altar of the Wu Jian Council.
  5483 | D:5      | Identified the +5 spear of Dishonour {flame, rC+ Str+5}
  5565 | D:5      | Reached skill level 4 in Long Blades
  5664 | D:5      | Found an ancient bone altar of Kikubaaqudgha.
  5813 | D:5      | Reached skill level 5 in Spellcasting
  6156 | D:6      | Reached XP level 9. HP: 19/45 MP: 17/17
  6412 | D:6      | Found a bloodstained altar of Trog.
  6587 | D:6      | Reached skill level 1 in Fighting
  6605 | D:6      | Reached skill level 1 in Evocations
  6608 | D:6      | Reached skill level 1 in Throwing
  6894 | D:6      | Identified the +0 leather armour "Udawomio" {rC+ Str+4}
  7171 | D:7      | Noticed Maggie
  7186 | D:7      | Killed Maggie
  7310 | D:7      | Noticed Menkaure
  7316 | D:7      | Killed Menkaure
  7340 | D:7      | Reached XP level 10. HP: 56/56 MP: 18/18
  7354 | D:7      | Found Giaz's General Store.
  7433 | D:7      | Reached skill level 5 in Long Blades
  7565 | D:7      | Found a staircase to the Ecumenical Temple.
  7605 | Temple   | Entered the Ecumenical Temple
  7647 | Temple   | Became a worshipper of Elyvilon the Healer
  8056 | D:7      | Reached skill level 5 in Armour
  8202 | D:8      | Noticed a two-headed ogre
  8222 | D:8      | Killed a two-headed ogre
  8454 | D:8      | Noticed Maurice
  8472 | D:8      | Killed Maurice
  8473 | D:8      | Reached skill level 6 in Long Blades
  8608 | D:8      | Noticed Amaemon
  8621 | D:8      | Noticed an orange demon
  8641 | D:8      | Killed an orange demon
  8642 | D:8      | Reached skill level 7 in Long Blades
  8658 | D:8      | Killed Amaemon
  8659 | D:8      | Reached skill level 8 in Long Blades
  8659 | D:8      | Reached XP level 11. HP: 31/61 MP: 13/19
  8837 | D:8      | Reached * piety under Elyvilon
  8849 | D:8      | Found a staircase to the Lair.
  9287 | Lair:1   | Entered Level 1 of the Lair of Beasts
  9623 | Lair:1   | Reached ** piety under Elyvilon
  9685 | Lair:1   | Reached skill level 1 in Invocations
  9761 | Lair:1   | Reached skill level 9 in Long Blades
 10493 | Lair:2   | Noticed a boulder beetle
 10493 | Lair:2   | Found a transporter.
 10493 | Lair:2   | Found a transporter.
 10521 | Lair:2   | Found a staircase to the Snake Pit.
 10538 | Lair:2   | Slain by a cane toad

Illustrated notes

Levels and vault maps discovered:
D:1:      co_arrival_random_square_maze, layout_basic
D:2:      layout_rooms, chequers_ecumenical_altar_island
D:3:      layout_basic
D:4:      layout_basic
D:5:      layout_loops_corners, nicolae_kikubaaqudgha_miasma_corner,
          nicolae_wu_jian_glorious_leap, lightli_sewer_entry_pipes,
          minmay_fractal_squares_5
D:6:      layout_rooms, minmay_ruined_shrine
D:7:      layout_loops_ring, minmay_temple_entry_junction_2, serial_shops,
          nicolae_shop_behind_doors, uniq_menkaure, uniq_maggie
D:8:      layout_rooms, grunt_lair_entry_orc_guard_hut, nicolae_two_hexagons,
          kennysheep_generic_room_14, uniq_amaemon, uniq_maurice
Temple:   nicolae_temple_no_exploring_needed
Lair:1:   layout_long_grid, kennysheep_rathole, infiniplex_staircase_pool_2,
          serial_bayou_shore_b
Lair:2:   gammafunk_boulding_lane, layout_small_grid,
          guppyfry_snake_entry_island

Skill      XL: |  1  2  3  4  5  6  7  8  9 10 11 |
---------------+----------------------------------+-----
Armour         | 1 2 3 4 5 |  5.0
Maces & Flails | 1 |  1.1
Long Blades    | 1 2 3 4 8 9 |  9.1
Spellcasting   | 3 4 5 |  5.9
Summonings     | 1 2 4 |  4.9
Ice Magic      | 5 7 |  7.3
Fighting       | 3 4 |  4.3
Evocations     | 2 4 |  4.0
Throwing       | 2 4 |  4.0
Invocations    | 2 |  2.7
Dodging        | |  1.5
Stealth        | |  2.1

Action                   |  1- 3 |  4- 6 |  7- 9 | 10-12 || total
-------------------------+-------+-------+-------+-------++-------
Melee: Whip              |   142 |       |       |       ||   142
       Unarmed           |     6 |       |       |       ||     6
       Falchion          |    19 |    97 |   249 |   205 ||   570
       Punch             |       |     2 |     7 |     1 ||    10
       Scimitar          |       |       |     2 |       ||     2
Throw: Dart              |       |       |    32 |    27 ||    59
 Cast: Freeze            |     5 |       |       |       ||     5
       Frozen Ramparts   |     1 |     3 |     6 |    12 ||    22
       Ozocubu's Armour  |       |     2 |     4 |     7 ||    13
       Call Canine Famil |       |       |       |     2 ||     2
Evoke: Wand              |       |       |       |     1 ||     1
  Use: Scroll            |       |       |    13 |     8 ||    21
       Potion            |       |       |     1 |       ||     1
 Stab: Sleeping          |     1 |     5 |     1 |     3 ||    10
Armor: Robe              |     9 |       |       |       ||     9
       Leather armour    |    49 |    40 |    73 |       ||   162
       Steam dragon scal |       |       |    75 |    31 ||   106
       Acid dragon scale |       |       |       |    86 ||    86
Dodge: Dodged            |   107 |    42 |   122 |   108 ||   379
